 Dungeon Crawl Stone Soup version 0.28.0-49-g6dfe1f597d (webtiles) character file.

Game seed: 4964553488998926312

247 issech the Cudgeller (level 5, -8/53 HPs)
             Began as a Troll Monk on May 15, 2022.
             Mangled by Duvessa
             ... wielding a +2 rapier of venom
              (18 damage)
             ... on level 4 of the Dungeon.
             The game lasted 00:10:22 (3530 turns).

issech the Cudgeller (Troll Monk)                   Turns: 3530, Time: 00:10:23

Health: -8/53      AC:  6    Str: 19    XL:     5   Next: 85%
Magic:  4/4        EV:  9    Int:  6    God:
Gold:   218        SH:  6    Dex: 14    Spells: 4/4 levels left

rFire   . . .      SeeInvis .   d - +1 dagger (venom)
rCold   . . .      Faith    .   o - +0 kite shield
rNeg    . . .      Spirit   .   u - +2 robe
rPois   .          Reflect  .   (helmet restricted)
rElec   .          Harm     .   (no cloak)
rCorr   .          Rampage  .   (gloves unavailable)
Will    .....                   (boots unavailable)
Stlth   ++........              (no amulet)
HPRegen 0.97/turn               (no ring)
MPRegen 0.09/turn               (no ring)

@: lethally poisoned (-8 -> -10)
A: large, unfitting armour, claws 3, regeneration 1, shaggy fur 1, tough skin 1
a: no special abilities


You were on level 4 of the Dungeon.
You visited 1 branch of the dungeon, and saw 4 of its levels.

You collected 218 gold pieces.

Inventory:

Hand Weapons
 a - a +0 mace
 d - a +1 dagger of venom (weapon)
 l - a +0 flail
Missiles
 e - 8 stones (quivered)
 g - 48 arrows
 i - 35 sling bullets
 n - 20 bolts
Armour
 b - a +0 robe
 o - a +0 kite shield (worn)
 u - a +2 robe (worn)
Magical Staves
 t - a staff of air
Wands
 p - a wand of charming (8)
 s - a wand of digging (4)
Scrolls
 c - a scroll of holy word {unknown}
 j - 2 scrolls of identify {unknown}
 m - a scroll of immolation {unknown}
Potions
 f - a potion of heal wounds {unknown}
 h - a potion of resistance {unknown}
 k - 2 potions of degeneration {unknown}
 q - 2 potions of curing
 r - a potion of mutation {unknown}


   Skills:
 + Level 3.2 Fighting
 + Level 2.3 Short Blades
 + Level 3.4 Maces & Flails
 + Level 3.3 Dodging
 + Level 1.6 Stealth
 + Level 0.2 Shields


You had 4 spell levels left.
You didn't know any spells.
Your spell library contained the following spells:

 Spells                   Type           Power      Damage    Failure   Level
 Summon Guardian Golem    Hex/Summ       0%         N/A       98%         3
 Orb of Destruction       Conj           0%         9d5       100%        7
 Spellforged Servitor     Conj/Summ      0%         N/A       100%        7


Dungeon Overview and Level Annotations

Branches:
Dungeon (4/15)
 Temple: D:4-7

Altars:
Kikubaaqudgha
Xom

Annotations:
D:4 Duvessa


Innate Abilities, Weirdness & Mutations

You are too large for most types of armour.
You have claws for hands.
Your natural rate of healing is unusually fast.
You are covered in fur. (AC +1)
You have tough skin. (AC +1)


Message History

Found 19 bolts.
A hobgoblin comes into view.
You barely miss the hobgoblin.
The hobgoblin hits you but does no damage.
You hit the hobgoblin.
The hobgoblin is poisoned.
The hobgoblin is moderately wounded.
The hobgoblin hits you but does no damage.
You closely miss the hobgoblin.
The hobgoblin is heavily wounded.
The hobgoblin barely misses you.
A worm comes into view.
You block the hobgoblin's attack.
You hit the hobgoblin.
You kill the hobgoblin!
You see here a potion of curing.
q - 2 potions of curing (gained 1)
You see here 11 gold pieces.
You now have 218 gold pieces (gained 11).
Duvessa goes berserk!
You hear a shout! x2
You block Duvessa's attack.
Duvessa hits you with a +2 rapier of venom!
You are poisoned.
The worm bites you but does no damage.
You feel very sick.
Duvessa hits you with a +2 rapier of venom!
You feel very sick.
You feel sick.
You feel sick. Duvessa barely misses you.
There is a stone staircase leading down here.
You feel sick.
You feel sick.
Duvessa hits you with a +2 rapier of venom.
* * * LOW HITPOINT WARNING * * *
You are more poisoned.
You feel very sick.
You feel sick.
Duvessa rages.
Duvessa hits you with a +2 rapier of venom!!
You die...

##### ######...# #........#
#........# #........#####.###
#..<.....#........ #..@..#....##
###### #..e..#..##.#
##....##########..##..##........
.'............##..##...........$
##....##........>...............
#........##..##w............##.
#<...#...##..............e..l.
#....#...##...#.#.........l.e..
######.................#.......


You could see Duvessa (berserk) and a worm.

Vanquished Creatures
  Dowan (D:4)
  A bullfrog skeleton (D:3)
  Terence (D:2)
  Ijyb (D:3)
  4 adders
  3 dart slugs
  6 bats
  7 endoplasms
  3 giant cockroaches (D:1)
  8 goblins
  10 hobgoblins
  4 jackals (D:1)
  8 kobolds
  3 quokkas
  9 ball pythons
  3 frilled lizards
  7 rats
79 creatures vanquished.

Vanquished Creatures (others)
  4 toadstools (D:1)
  2 withered plants (D:3)
6 creatures vanquished.

Grand Total: 85 creatures vanquished

Notes
Turn   | Place    | Note
-------+----------+-------------------------------------------
     0 | D:1      | issech the Troll Monk began the quest for the Orb.
     0 | D:1      | Reached XP level 1. HP: 22/22 MP: 0/0
   107 | D:1      | Reached XP level 2. HP: 28/29 MP: 1/1
   380 | D:1      | Reached XP level 3. HP: 30/36 MP: 2/2
   828 | D:1      | Found a faded altar of an unknown god.
  1283 | D:2      | Noticed Terence
  1317 | D:2      | Killed Terence
  1432 | D:2      | Found a shimmering altar of Xom.
  1611 | D:2      | Reached XP level 4. HP: 39/45 MP: 3/3
  2519 | D:3      | Reached skill level 1 in Short Blades
  2552 | D:3      | Reached XP level 5. HP: 51/53 MP: 4/4
  2579 | D:3      | Found an ancient bone altar of Kikubaaqudgha.
  3163 | D:3      | Noticed Ijyb
  3186 | D:3      | Killed Ijyb
  3215 | D:4      | Noticed Duvessa
  3215 | D:4      | Noticed Dowan
  3410 | D:4      | Killed Dowan
  3530 | D:4      | Mangled by Duvessa

Illustrated notes

Levels and vault maps discovered:
D:1:      ldierk_water_garden, layout_basic, basic_ecumenical_altar, st_stairs_6
D:2:      layout_basic, basic_altar, uniq_terence
D:3:      layout_basic, kiku_gazebo_garden_becter, uniq_ijyb
D:4:      layout_basic, beargit_hepliaklqana_dungeon_heroes,
          minmay_temple_entry_waves, uniq_eustachio, uniq_duvessa,
          uniq_blork_the_orc

Skill      XL: |  1  2  3  4  5 |
---------------+----------------+-----
Maces & Flails | 3 |  3.4
Fighting       | 3 |  3.2
Dodging        | 3 |  3.3
Short Blades   | 1 2 |  2.3
Stealth        | |  1.6
Shields        | |  0.2

Action                   |  1- 3 |  4- 6 || total
-------------------------+-------+-------++-------
Melee: Mace              |    17 |       ||    17
       Dagger            |    81 |   149 ||   230
       Punch             |       |     1 ||     1
Throw: Stone             |     4 |     3 ||     7
 Stab: Sleeping          |     2 |     2 ||     4
Armor: Robe              |    29 |    42 ||    71
Dodge: Dodged            |    48 |    68 ||   116
Block: Kite shield       |       |    22 ||    22
